 Dungeon Crawl Stone Soup version 0.31.0-11-ge490571c62 (webtiles) character file.

Game seed: 16303985470289136994

36 qw the Shooter (level 3, 0/20 HPs)
             Began as a Deep Elf Hunter on Feb 4, 2024.
             Succumbed to their own poison gas
             ... on level 1 of the Dungeon.
             The game lasted 00:00:02 (568 turns).

qw the Shooter (Deep Elf Hunter)                     Turns: 568, Time: 00:00:02

Health: 0/20       AC:  3    Str: 10    XL:     3   Next: 19%
Magic:  5/5        EV: 12    Int: 13    God:
Gold:   68         SH:  0    Dex: 18    Spells: 2/2 levels left

rFire   + . .        a - +3 shortbow
rCold   + . .        (shield currently unavailable)
rNeg    . . .        c - +0 leather armour
rPois   .            (no helmet)
rElec   .            j - scarf {rC+ rF+}
rCorr   .            (no gloves)
SInv    .            (no boots)
Will    .....        (no amulet)
Stlth   ++           (no ring)
HPRegen 0.23/turn    (no ring)
MPRegen 0.09/turn

%: no passive effects
@: lethally poisoned (0 -> -5)
A: no striking features
a: no special abilities


You were on level 1 of the Dungeon.
You visited 1 branch of the dungeon, and saw 1 of its levels.

You collected 68 gold pieces.


   Skills:
 - Level 1.5 Fighting
 + Level 6.8 Ranged Weapons
 - Level 2.4 Dodging
 - Level 1.2 Stealth


You had 2 spell levels left.
You didn't know any spells.
Your spell library was empty.

Inventory:

Hand Weapons
 a - a +3 shortbow (weapon)
Armour
 c - a +0 leather armour (worn)
 j - a scarf of resistance (worn)
Potions
 f - 3 potions of heal wounds

Dungeon Overview and Level Annotations

Branches:
Dungeon (1/15)

Altars:


Message History

558 ||| READING scroll labelled KAPNI QAETRE.
The air fills with toxic fumes!
As you read the scroll labelled KAPNI QAETRE, it crumbles to dust.
It was a scroll of poison.
Done exploring.
559 ||| DROPPING scroll of butterflies.
You drop a scroll of butterflies.
Done exploring.
560 ||| DROPPING potion of brilliance.
You drop a potion of brilliance.
Done exploring.
561 ||| DROPPING 2 potions of degeneration.
You drop 2 potions of degeneration.
Done exploring.
What level of the Dungeon? (default 1, ? - help) Sorry, I don't know how to get there.
Enter note:
Enter note:
Enter note:
Enter note:
Enter note:
Enter note:
Enter note:
Enter note:
Enter note: You are engulfed in poison gas.
You are lethally poisoned!
You feel very sick.
563 ||| Stepping ~*~*~tactically~*~*~ (cloud).
You feel very sick.
Things that are here:
2 potions of degeneration; a potion of brilliance; a scroll of butterflies
There is a lethal amount of poison in your body!
You feel very sick.
There is a lethal amount of poison in your body!
You feel very sick.
There is a lethal amount of poison in your body!
You feel sick.
There is a lethal amount of poison in your body!
You feel sick.
There is a lethal amount of poison in your body!
You die...

####### ##......
#.......
##..#####
##.....# #######
#..###.# #¤....#
#.## #.# #¤###.#
#.# #.#
#@¤0#.###.# #.#
###0#.#...# #.#
#..¤..######.###
#..¤0¤##..(.....
#...¤00.........
##...¤#.........
##.####........
#.# #........
#.####........


There were no monsters in sight!

Vanquished Creatures
  A dart slug (D:1)
  2 ball pythons (D:1)
  6 bats (D:1)
  3 endoplasms (D:1)
  A giant cockroach (D:1)
  3 goblins (D:1)
  3 hobgoblins (D:1)
  4 kobolds (D:1)
  2 quokkas (D:1)
  A frilled lizard (D:1)
  3 rats (D:1)
29 creatures vanquished.

Notes
Turn   | Place    | Note
-------+----------+-------------------------------------------
     0 | D:1      | qw the Deep Elf Hunter began the quest for the Orb.
     0 | D:1      | Reached XP level 1. HP: 12/12 MP: 3/3
     0 | D:1      | 0 ||| qw: Version: 0.3-a-160-g6735b56
     0 | D:1      | 0 ||| qw: Game counter: 5041
     0 | D:1      | 0 ||| qw: Melee chars always use a shield: true
     0 | D:1      | 0 ||| qw: God list: Okawaru
     0 | D:1      | 0 ||| qw: Allow faded altars: false
     0 | D:1      | 0 ||| qw: Do Orc after clearing Dungeon:15 true
     0 | D:1      | 0 ||| qw: Do second Lair branch before Depths: true
     0 | D:1      | 0 ||| qw: Lair rune preference: random
     0 | D:1      | 0 ||| qw: Goals: Normal
     0 | D:1      | 0 ||| PLANNING D:1-11
   101 | D:1      | Reached skill level 6 in Ranged Weapons
   101 | D:1      | Reached XP level 2. HP: 9/16 MP: 4/4
   263 | D:1      | Reached XP level 3. HP: 20/20 MP: 5/5
   541 | D:1      | 541 ||| UPGRADING to scarf of resistance.
   546 | D:1      | 546 ||| DROPPING ring of wizardry.
   547 | D:1      | 547 ||| READING 3 scrolls labelled EBISAOT QIMM.
   547 | D:1      | 547 ||| ENCHANTING +0 shortbow.
   548 | D:1      | 548 ||| READING 2 scrolls of enchant weapon.
   548 | D:1      | 548 ||| ENCHANTING +1 shortbow.
   549 | D:1      | 549 ||| READING scroll of enchant weapon.
   549 | D:1      | 549 ||| ENCHANTING +2 shortbow.
   550 | D:1      | 550 ||| READING 3 scrolls labelled UROOXZ HYPOM.
   550 | D:1      | 550 ||| IDENTIFYING emerald potion
   551 | D:1      | 551 ||| READING 2 scrolls of identify.
   551 | D:1      | 551 ||| IDENTIFYING 2 glowing purple potions
   552 | D:1      | 552 ||| READING scroll of identify.
   552 | D:1      | 552 ||| IDENTIFYING 3 yellow potions
   553 | D:1      | 553 ||| READING scroll labelled LYSEICWU XASENT.
   558 | D:1      | 558 ||| READING scroll labelled KAPNI QAETRE.
   559 | D:1      | 559 ||| DROPPING scroll of butterflies.
   560 | D:1      | 560 ||| DROPPING potion of brilliance.
   561 | D:1      | 561 ||| DROPPING 2 potions of degeneration.
   563 | D:1      | 563 ||| Stepping ~*~*~tactically~*~*~ (cloud).
   565 | D:1      | HP: 4/20 [poisoned by you (poison gas)]
   567 | D:1      | HP: 1/20 [poisoned by you (poison gas)]
   568 | D:1      | Succumbed to their own poison gas

Levels and vault maps discovered:
D:1:      saegor_arrival_miasma, layout_basic, minmay_misc_feat_roman

Skill      XL: |  1 |
---------------+----+-----
Ranged Weapons | 6 |  6.8
Fighting       | |  1.5
Dodging        | |  2.4
Stealth        | |  1.2

Action                     || total
---------------------------++-------
   Fire: Shortbow          ||    51
    Use: Scroll            ||     8
 Armour: Leather armour    ||     5
  Dodge: Dodged            ||     3

Table legend:
 A = Non-vault XP
 B = Vault XP
 C = Vault XP percentage of total XP
 D = Non-vault monster count
 E = Vault monster count
 F = Vault count percentage of total count
                 A         B        C        D         E       F
            +---------+---------+-------+---------+---------+-------
      Total |      52 |       0 |   0.0 |      29 |       0 |   0.0
            +---------+---------+-------+---------+---------+-------
        D:1 |      52 |       0 |   0.0 |      29 |       0 |   0.0
            +---------+---------+-------+---------+---------+-------
